Map: Golden Wall LE

Players

JimRising - Winner!

  • Race: Zerg Zerg
  • League: Grandmaster
  • Spawn Location: 7:00

Darkness

  • Race: Protoss Protoss
  • League: Grandmaster
  • Spawn Location: 5:00

Event: DreamHack SC2 Masters 2020 Summer Latin America

VOD

Have the link to the VOD?

Description

Time

  • Played on: June 24, 2020, 3:43 p.m.
  • Length: 7:27

All games in this series

Show
View Real Time Build Order
Export as new Build Order

JimRising Zerg - Winner!

Build Orders: Hatch First 

Get SALT Encoding   

  12  0:01  Drone  
  13  0:12  Overlord  
  13  0:18  Drone  
  14  0:30  Drone x2  
  16  0:49  Hatchery  
  15  0:52  Drone  
  15  0:55  Drone  
  17  0:58  Drone  
  17  1:01  Extractor  
  17  1:16  Spawning Pool  
  16  1:19  Drone  
  16  1:23  Drone  
  18  1:30  Drone  
  19  1:39  Drone  
  20  1:49  Drone  
  21  2:00  Overlord  
  21  2:03  Queen x2  
  21  2:05  Zergling x2  
  26  2:10  Metabolic Boost  
  26  2:13  Zergling x2  
  27  2:16  Drone  
  27  2:21  Drone  
  29  2:23  Drone  
  30  2:34  Drone x2  
  32  2:46  Hatchery  
  32  2:50  Overlord  
  31  2:57  Queen  
  31  2:58  Drone  
  34  3:00  Drone  
  35  3:11  Drone x4  
  35  3:12  Drone  
  40  3:19  Drone x3  
  43  3:28  Overlord  
  43  3:29  Overlord  
  43  3:40  Roach Warren  
  43  3:41  Drone  
  43  3:45  Overlord, Queen  
  43  3:46  Extractor  
  44  3:51  Lair  
  44  3:55  Drone  
  46  3:56  Extractor  
  46  3:57  Drone x2  
  46  3:58  Drone  
  48  4:19  Overlord x2  
  48  4:21  Roach x6  
  62  4:24  Roach  
  62  4:26  Drone  
  62  4:27  Extractor  
  62  4:29  Drone x2  
  62  4:30  Drone  
  65  4:39  Roach x3  
  65  4:43  Overlord  
  65  4:44  Roach  
  73  4:48  Overseer  
  73  4:51  Zergling x6  
  76  4:55  Roach  
  76  4:59  Roach x2  
  82  5:05  Roach x2  
  86  5:08  Roach  
  86  5:15  Roach  
  86  5:18  Zergling x2  
  86  5:19  Overlord x2  
  89  5:30  Overlord x3  
  89  5:33  Glial Reconstitution  
  89  5:43  Roach x3  
  89  5:44  Roach  
  89  5:45  Zergling x2  
  89  5:49  Roach  
  100  5:54  Roach x2  
  104  6:00  Ravager  
  105  6:06  Roach x2  
  105  6:07  Roach x2  
  113  6:16  Overlord x3  
  113  6:34  Roach  
  113  6:35  Overlord  
  113  6:36  Roach  
  113  6:37  Zergling x8  
  121  6:42  Roach x2  
  121  6:45  Ravager x3  
  121  6:46  Zergling x4  
  127  6:50  Roach  
  127  6:53  Roach x2  
Show
View Real Time Build Order
Export as new Build Order

Darkness Protoss 

Build Orders: 1 Gate Expand, Zealot Archon, Archon Drop, Dark Templar Rush 

Get SALT Encoding   

  12  0:00  Probe  
  13  0:12  Probe  
  14  0:20  Pylon  
  14  0:25  Probe  
  15  0:35  Probe  
  15  0:39  Gateway  
  16  0:43  Probe  
  16  0:49  Assimilator  
  17  0:52  Probe  
  18  1:05  Probe  
  19  1:17  Probe  
  20  1:30  Nexus  
  20  1:35  Cybernetics Core  
  20  1:38  Probe  
  21  1:44  Assimilator  
  21  1:50  Probe  
  22  1:54  Pylon  
  22  2:02  Probe  
  22  2:03  Adept  
  23  2:11  Warp Gate  
  23  2:14  Probe  
  26  2:23  Stalker  
  26  2:25  Twilight Council  
  26  2:26  Probe  
  29  2:40  Probe  
  30  2:44  Probe  
  31  2:52  Probe  
  31  2:54  Robotics Facility  
  31  2:56  Probe  
  33  3:04  Probe  
  34  3:08  Probe  
  35  3:16  Probe  
  35  3:19  Dark Shrine  
  36  3:20  Adept, Probe  
  39  3:28  Probe  
  39  3:32  Gateway  
  40  3:35  Gateway  
  40  3:39  Warp Prism  
  41  3:41  Pylon  
  40  3:51  Probe  
  40  3:52  Probe  
  44  4:00  Pylon  
  44  4:04  Probe x2  
  44  4:05  Assimilator  
  44  4:06  Adept  
  48  4:13  Pylon  
  48  4:16  Probe x2  
  50  4:28  Probe  
  50  4:29  Probe  
  52  4:36  Dark Templar x3  
  52  4:37  Observer  
  58  4:40  Probe  
  58  4:41  Assimilator, Probe  
  61  4:52  Probe  
  62  4:53  Probe  
  62  4:58  Nexus  
  63  5:00  Pylon  
  63  5:05  Probe  
  64  5:12  Probe  
  63  5:17  Probe  
  63  5:18  Immortal  
  62  5:24  Probe  
  67  5:29  Dark Templar x2  
  67  5:30  Probe  
  67  5:33  Dark Templar, Archon  
  74  5:35  Pylon  
  74  5:37  Archon, Probe  
  74  5:42  Probe  
  76  5:45  Pylon  
  76  5:47  Immortal  
  76  5:50  Pylon  
  76  5:53  Probe  
  76  5:54  Probe  
  82  6:07  Probe  
  82  6:11  Gateway, Pylon  
  83  6:14  Gateway  
  83  6:16  Sentry x3  
  89  6:25  Shield Battery  
  89  6:27  Shield Battery  
  89  6:28  Shield Battery  
  89  6:37  Shield Battery  
  89  6:39  Shield Battery  
  89  6:41  Sentry  
  89  6:42  Sentry x2  
  99  6:47  Immortal, Shield Battery  
  99  6:57  Pylon  
  99  6:59  Pylon x2  
  85  7:08  Dark Templar  
  85  7:09  Zealot x4  
Tags
 
Add a new tag
Caveats
  • Supply blocks, unpowered buildings, or Contaminate may cause inaccurate times.
  • Supply counts are checked every 10 seconds.